 Dungeon Crawl Stone Soup version 0.31.0-7-gf635a9b802 (webtiles) character file.

Game seed: 9512121058877292858

277 Curundu the Chopper (level 6, -1/55 HPs)
             Began as a Minotaur Berserker on Jan 23, 2024.
             Was a Believer of Trog.
             Succumbed to a gnoll sergeant's poison
             ... on level 3 of the Dungeon.
             The game lasted 00:08:13 (2220 turns).

Curundu the Chopper (Minotaur Berserker)            Turns: 2220, Time: 00:08:13

Health: -1/55      AC: 15    Str: 24    XL:     6   Next: 4%
Magic:  5/5        EV:  6    Int:  4    God:    Trog [**....]
Gold:   107        SH:  7    Dex:  9    Spells: 5/5 levels left

rFire   . . .        a - +0 hand axe
rCold   . . .        j - +0 kite shield
rNeg    . . .        g - +0 plate armour
rPois   .            (helmet restricted)
rElec   .            e - +0 cloak
rCorr   .            d - +0 pair of gloves
SInv    .            k - +0 pair of boots
Will    .....        (no amulet) Stlth
                     (no ring)
HPRegen 0.29/turn    (no ring)
MPRegen 0.09/turn

%: no passive effects
@: lethally poisoned (-1 -> -32), on berserk cooldown, slowed, studying Armour,
very slow
A: horns 2, retaliatory headbutt
a: Renounce Religion, Berserk, Trog's Hand


You were on level 3 of the Dungeon.
You worshipped Trog.
Trog was pleased with you.
You visited 1 branch of the dungeon, and saw 3 of its levels.

You collected 107 gold pieces.

Inventory:

Hand Weapons
 a - a +0 hand axe (weapon)
Missiles
 f - 9 boomerangs (quivered)
Armour
 d - a +0 pair of gloves (worn)
 e - a +0 cloak (worn)
 g - a +0 plate armour (worn)
 j - a +0 kite shield (worn)
 k - a +0 pair of boots (worn)
Scrolls
 c - 2 scrolls of teleportation
 h - 4 scrolls of identify
 i - a scroll of fog
 l - a scroll of immolation {unknown}
 m - a scroll of butterflies {unknown}
 n - a scroll of enchant weapon {unknown}
 p - a scroll of acquirement
 q - a scroll of fear {unknown}
 s - 3 scrolls of poison {unknown}
Potions
 o - a potion of haste {unknown}
 r - a potion of might {unknown}


   Skills:
 + Level 4.8 Fighting
 + Level 6.2 Axes
 + Level 4.6 Armour
 + Level 2.9 Dodging
 + Level 1.1 Shields


You had 5 spell levels left.
You didn't know any spells.
Your spell library was empty.

Dungeon Overview and Level Annotations

Branches:
Dungeon (3/15)

Altars:

Annotations:
D:3 1 transporter


Innate Abilities, Weirdness & Mutations

You have a pair of horns on your head.
You reflexively headbutt those who attack you in melee.


Message History

You block Sweeb's ghost's attack.
The gnoll sergeant hits you from afar with the +1 spear "Nepp" {venom, rElec rC- Str+5 Int+9}!
You are more poisoned.
You slash Sweeb's ghost! Your headbutt misses Sweeb's ghost.
Sweeb's ghost is almost destroyed.
You feel very sick. Sweeb's ghost barely misses you. You furiously retaliate!
You headbutt Sweeb's ghost!
You destroy Sweeb's ghost!
Trog accepts your kill.
The gnoll sergeant hits you but does no damage.
You are more poisoned.
Your Axes skill increases to level 6!
Your Armour skill increases to level 4!
Your Shields skill increases to level 1!
You have reached level 6!
You are too berserk!
You feel very sick.
You feel a strong urge to attack something.
You are no longer berserk.
You are exhausted.
You feel yourself slow down.
You feel very sick.
The gnoll sergeant hits you from afar with the +1 spear "Nepp" {venom, rElec rC- Str+5 Int+9}.
* * * LOW HITPOINT WARNING * * *
You are lethally poisoned!
The gnoll hits you with a +0 flail.
* * * LOW HITPOINT WARNING * * *
Unknown command.
It was a potion of heal wounds.
You feel much better.
You feel extremely sick.
The gnoll sergeant completely misses you.
You closely miss the gnoll bouda.
Your skin stops crawling.
You feel less strong-willed.
You feel extremely sick.
The gnoll sergeant hits you from afar with the +1 spear "Nepp" {venom, rElec rC- Str+5 Int+9}!
* * * LOW HITPOINT WARNING * * *
You are more poisoned.
You block the gnoll sergeant's attack.
You closely miss the gnoll. You hit the gnoll bouda.
You die...

.# ##..≈≈..#.#g #g#..≈≈.#..#
.####...≈≈.##.# #.##.≈≈.##.####
........≈≈.#©.# #.!#.≈≈.##.#...
#######.≈≈.##.#####.##.≈≈.#......
#.....#.#8⌠8#.#..≈≈...#...<
#....©#.'.©.'.#©.~~.#....##
#.....#.#g).#.#..≈≈.#.##)##
#.≈≈.##.##g##.##.≈≈.#.##...
#.≈≈.#..#.@g#..#.≈≈........
#.≈≈.##.'...'.##.≈≈......##
#.≈≈..#.#...#.#..≈≈......#
#.≈≈###.##'##.###≈≈......#
#.≈≈#...........#≈≈......#
#.≈≈#8.###.###.8#≈≈......#
#.≈≈#..#8###8#..#≈≈......#
#.≈≈####.....####≈≈..#####
#.≈≈≈≈≈≈≈≈~≈≈≈≈≈≈≈≈.##


You could see a gnoll sergeant (swift), a gnoll bouda and a gnoll (swift).

Vanquished Creatures
  The ghost of Sweeb the Slasher, an amateur TeGl (D:3)
  Jessica (D:3)
  An orc wizard (D:2)
  2 adders
  2 gnolls (D:3)
  2 dart slugs
  2 ribbon worms
  4 orcs (D:2)
  6 bats
  3 endoplasms
  2 giant cockroaches
  8 goblins
  4 hobgoblins
  3 jackals (D:1)
  3 kobolds (D:2)
  2 quokkas (D:1)
  6 ball pythons
  5 frilled lizards
  6 rats
63 creatures vanquished.

Vanquished Creatures (others)
  A ball python (D:1)
1 creature vanquished.

Grand Total: 64 creatures vanquished

Notes
Turn   | Place    | Note
-------+----------+-------------------------------------------
     0 | D:1      | Curundu the Minotaur Berserker began the quest for the Orb.
     0 | D:1      | Reached XP level 1. HP: 19/19 MP: 0/0
   140 | D:1      | Reached XP level 2. HP: 27/27 MP: 1/1
   148 | D:1      | Reached skill level 4 in Axes
   374 | D:1      | Reached XP level 3. HP: 33/33 MP: 2/2
   603 | D:2      | Reached ** piety under Trog
   867 | D:2      | Reached skill level 5 in Axes
   867 | D:2      | Reached XP level 4. HP: 40/40 MP: 3/3
  1068 | D:2      | Found a faded altar of an unknown god.
  1479 | D:2      | Identified a scroll of acquirement
  1479 | D:2      | Acquired a manual of Armour
  1716 | D:3      | Noticed Jessica
  1722 | D:3      | Killed Jessica
  1723 | D:3      | Reached XP level 5. HP: 47/47 MP: 4/4
  1828 | D:3      | Identified the +1 spear "Nepp" {venom, rElec rC- Str+5
                  | Int+9}
  1900 | D:3      | Found a transporter.
  1901 | D:3      | Found a transporter.
  2154 | D:3      | Noticed Sweeb's ghost (amateur TeGl)
  2215 | D:3      | Killed Sweeb's ghost
  2216 | D:3      | Reached skill level 6 in Axes
  2216 | D:3      | Reached skill level 1 in Shields
  2216 | D:3      | Reached XP level 6. HP: 25/55 MP: 5/5
  2220 | D:3      | Succumbed to a gnoll sergeant's poison

Illustrated notes

Levels and vault maps discovered:
D:1:      scummos_arrival_simple_fountains, layout_rooms
D:2:      layout_basic, hellmonk_ecumenical_altar_heavens_door
D:3:      layout_loops_cross, gammafunk_ghost_gnarly_gnolls, uniq_jessica

Skill      XL: |  1  2  3  4  5 |
---------------+----------------+-----
Fighting       | 4 |  4.8
Axes           | 4 5 6 |  6.2
Armour         | 3 4 |  4.6
Shields        | 1 |  1.1
Dodging        | |  2.9

Action                     |  1- 3 |  4- 6 || total
---------------------------+-------+-------++-------
  Melee: Hand axe          |    82 |    71 ||   153
         Headbutt          |     6 |    12 ||    18
         Punch             |     1 |       ||     1
 Invoke: Trog's Hand       |     1 |     1 ||     2
         Berserk           |       |     1 ||     1
    Use: Scroll            |     1 |     3 ||     4
         Potion            |       |     1 ||     1
 Armour: Animal skin       |    26 |       ||    26
         Plate armour      |    20 |    65 ||    85
  Dodge: Dodged            |    59 |    23 ||    82
  Block: Kite shield       |       |    23 ||    23
